 Dungeon Crawl Stone Soup version 0.27-a0-1319-geec4fb4e21 (webtiles) character file.

Game seed: 7901466487420681100

544 Demosthentine the Poker (level 7, -8/54 HPs)
             Began as a Merfolk Gladiator on June 21, 2021.
             Mangled by a troll (12 damage)
             ... on level 5 of the Dungeon.
             The game lasted 00:05:38 (4572 turns).

Demosthentine the Poker (Merfolk Gladiator)         Turns: 4572, Time: 00:05:39

Health: -8/54      AC:  5    Str: 16    XL:     7   Next: 27%
Magic:  7/7        EV: 14    Int:  7    God:
Gold:   8          SH:  0    Dex: 16    Spells: 6/6 levels left

rFire    . . .     SeeInvis .   a - +1 trident
rCold    . . .     Faith    .   (no shield)
rNeg     . . .     Spirit   .   b - +0 leather armour
rPois    .         Reflect  .   c - +1 helmet
rElec    .         Harm     .   (no cloak)
rCorr    .         Rampage  .   (no gloves)
Will     .....                  (no boots)
Stlth    +.........             (no amulet)
HPRegen  0.18/turn              (no ring)
MPRegen  0.10/turn              (no ring)

@: mighty
A: (nimble swimmer 2), mertail
a: no special abilities


You were on level 5 of the Dungeon.
You visited 1 branch of the dungeon, and saw 5 of its levels.

You collected 138 gold pieces.
You spent 130 gold pieces at shops.

Inventory:

Hand Weapons
 a - a +1 trident (weapon)
Missiles
 d - a throwing net (quivered)
Armour
 b - a +0 leather armour (worn)
 c - a +1 helmet (worn)
 e - a +0 buckler
Jewellery
 h - an amulet of faith
 l - an amulet of magic regeneration
Scrolls
 f - 3 scrolls of identify
 m - a scroll of enchant armour
 o - a scroll of teleportation
 p - a scroll of acquirement {unknown}
Potions
 g - 2 potions of brilliance
 i - 2 potions of lignification
 j - a potion of might
 k - a potion of magic


   Skills:
 + Level 4.2 Fighting
 + Level 6.5 Polearms
 - Level 2.0 Throwing
 + Level 2.2 Armour
 + Level 6.0 Dodging
 + Level 2.7 Shields


You had 6 spell levels left.
You didn't know any spells.
Your spell library contained the following spells:

 Spells                   Type           Power      Damage    Failure   Level
 Magic Dart               Conj           0%         1d3       50%         1
 Summon Small Mammal      Summ           0%         N/A       50%         1
 Call Imp                 Summ           0%         N/A       65%         2
 Searing Ray              Conj           0%         3d3       65%         2
 Call Canine Familiar     Summ           0%         N/A       86%         3
 Dazzling Flash           Conj/Hex       0%         N/A       86%         3
 Summon Guardian Golem    Hex/Summ       0%         N/A       86%         3
 Fulminant Prism          Conj/Hex       0%         3d6       99%         4
 Iskenderun's Mystic Bla  Conj/Tloc      0%         2d3       99%         4
 Summon Ice Beast         Ice/Summ       0%         N/A       99%         4
 Summon Lightning Spire   Summ/Air       0%         N/A       99%         4


Dungeon Overview and Level Annotations

Branches:
Dungeon (5/15)
 Temple: D:4-7

Altars:

Shops:
D:1 ?*(*   D:3 *   D:5 (


Innate Abilities, Weirdness & Mutations

((You are quick and stealthy near water. (Stealth+, EV+, Speed+++)))
Your lower body shifts to a powerful aquatic tail in water.


Message History

You puncture the orc!
You kill the orc!
You see here a +0 trident.
An ogre comes into view. It is wielding a +0 giant club.
The ogre is pulled toward you!
You feel less attractive to monsters.
Found Vaomiw's Weapon Shop.
The ogre shouts!
An orc comes into view. It is wielding a +0 short sword.
Found 12 stones.
Reach: a) +1 trident
Press: ? - help, Dir - move target, f - ogre
Aim: an ogre, wielding a +0 giant club (about 22% to evade your +1 trident)
You reach to attack!
You barely miss the ogre.
A troll comes into view.
Unknown command.
Throw: throwing net
Press: ? - help, Q - select action Shift-Dir - straight line, f/p - ogre
Aim: an ogre, wielding a +0 giant club (77% to hit)
You throw a throwing net. The throwing net hits the ogre.
The ogre is caught in the net!
The troll shouts!
The ogre struggles against the net.
You puncture the ogre!
The ogre is moderately wounded.
The ogre struggles against the net.
You puncture the ogre!
The ogre is almost dead.
The ogre struggles against the net.
You puncture the ogre!
You kill the ogre!
Your Dodging skill increases to level 6!
Things that are here:
a +0 giant club; a throwing net; an ogre corpse
d - a throwing net The orc closely misses you.
Unknown command.
You completely miss the orc. The orc hits you with a +0 short sword.
* * * LOW HITPOINT WARNING * * *
The troll misses you. x2; The troll claws you!
You die...

,,,,,,,***,,,,,,,,,,,,,,,,,,,,***
,,,,,,,,,............#*****,,,*
,,,,,,,,*#...........# *,***
,,,,,,,,,............###***,****
,,,,,,,,,..............,,,,>,,,*
,,,,,,,,,............#****#.**,*
*,,,,,,**#...........# #.#*,**
*,,,,,,**#.....To....# #.#*,,,
,,,,,,,,,.......@....# #.###**
**,*,,,**#.(♣........## #(..,,,
<*,**,,* *♣.∩.♣##.....# #..#***
,*,,,,,* ##♣*#.......# #..####
,,,,,,,* #......)#####.....#
******** #.......)...[..##.#
#............(.##.#
#...............#.#
********#...............#()


You could see a troll and an orc.

Vanquished Creatures
  An ogre (D:5)
  2 scorpions
  A water moccasin zombie (D:5)
  3 hounds
  A bullfrog skeleton (D:5)
  An orc wizard (D:3)
  2 adders
  An ufetubus (D:5)
  2 adder skeletons (D:4)
  2 worms (D:2)
  A dart slug (D:4)
  17 orcs
  6 ball pythons
  7 bats
  8 endoplasms
  7 giant cockroaches
  10 goblins
  8 hobgoblins
  6 kobolds
  6 quokkas
  3 frilled lizards
  5 rats
100 creatures vanquished.

Vanquished Creatures (others)
  3 plants (D:3)
3 creatures vanquished.

Grand Total: 103 creatures vanquished

Notes
Turn   | Place    | Note
-------+----------+-------------------------------------------
     0 | D:1      | Demosthentine the Merfolk Gladiator began the quest for the
                  | Orb.
     0 | D:1      | Reached XP level 1. HP: 16/16 MP: 1/1
   296 | D:1      | Reached XP level 2. HP: 3/23 MP: 2/2
   597 | D:1      | Found Opueseuwn's Assorted Antiques.
   759 | D:1      | Reached XP level 3. HP: 18/28 MP: 3/3
  1070 | D:1      | Found Daotav's Weapon Boutique.
  1137 | D:1      | Found Vucwio Oniel's Assorted Antiques.
  1142 | D:1      | Found Targhennu's Magic Scroll Shoppe.
  1222 | D:2      | Reached skill level 5 in Polearms
  1430 | D:2      | Reached skill level 1 in Armour
  1570 | D:2      | Reached XP level 4. HP: 12/34 MP: 4/4
  1912 | D:2      | Found a faded altar of an unknown god.
  2089 | D:3      | Found Uvikoess's Assorted Antiques.
  2141 | D:3      | Reached skill level 1 in Shields
  3081 | D:3      | Reached skill level 5 in Dodging
  3081 | D:3      | Reached XP level 5. HP: 29/41 MP: 5/5
  3354 | D:1      | Bought a scroll labelled NAFITUNEMO for 24 gold pieces
  3404 | D:1      | Bought a scroll labelled LUOJOM EXIUCHO for 24 gold pieces
  3404 | D:1      | Bought a scroll labelled PIDOOM MAUBBO for 24 gold pieces
  3856 | D:4      | Reached XP level 6. HP: 16/47 MP: 6/6
  4457 | D:3      | Bought a scroll labelled GOGE TYVASUM for 31 gold pieces
  4457 | D:3      | Bought a brown potion for 27 gold pieces
  4473 | D:5      | Entered Level 5 of the Dungeon
  4534 | D:5      | HP: 2/48 [hound (3)]
  4546 | D:5      | Reached XP level 7. HP: 4/54 MP: 7/7
  4563 | D:5      | Found Vaomiw's Weapon Shop.
  4565 | D:5      | Noticed a troll
  4572 | D:5      | Mangled by a troll

Illustrated notes

Levels and vault maps discovered:
D:1:      dpeg_arrival_subterranean_lakeside_camping, layout_rooms,
          serial_shops, shop, shop, nicolae_shop_waterfront, shop,
          minmay_misc_feat_cross, minmay_indecisive_spiral
D:2:      layout_rooms, shapermc_ecumenical_altar_mp_highgroup,
          minmay_misc_feat_diagonals
D:3:      layout_basic, serial_shops, nicolae_shop_overgrown_old_shop,
          interstate_on_off
D:4:      layout_rooms, grunt_decor_clamped
D:5:      minmay_diamond_boxcup, layout_basic, serial_shops, nicolae_shop_trees,
          portal_sewer_entry_a, uniq_pikel

Skill      XL: |  1  2  3  4  5  6  7 |
---------------+----------------------+-----
Polearms       | 5 6 |  6.5
Armour         | 1 2 |  2.2
Fighting       | 3 4 |  4.2
Shields        | 1 2 |  2.7
Dodging        | 5 6 |  6.0
Throwing       | |  2.0

Action                   |  1- 3 |  4- 6 |  7- 9 || total
-------------------------+-------+-------+-------++-------
Melee: Trident           |   134 |   224 |    10 ||   368
Throw: Throwing net      |       |     2 |     1 ||     3
  Use: Scroll            |     1 |    11 |       ||    12
       Potion            |       |     3 |       ||     3
 Stab: Sleeping          |     2 |     4 |       ||     6
Armor: Leather armour    |    26 |    58 |     2 ||    86
Dodge: Dodged            |    73 |   189 |     6 ||   268

Table legend: (Time is in decaauts)
 A = Elapsed time spent in this place.
 B = Non-inter-level travel time spent in this place.
 C = Inter-level travel time spent in this place.
 D = Time resting spent in this place.
 E = Time spent auto-exploring this place.
 F = Levels seen in this place.
 G = Mean time per level.
                   A        B        C        D        E       F      G
               +--------+--------+--------+--------+--------+-----+--------+
         Total |   4554 |   4326 |    228 |    166 |   3417 |   5 |  910.8 |
       Dungeon |   4554 |   4326 |    228 |    166 |   3417 |   5 |  910.8 |
               +--------+--------+--------+--------+--------+-----+--------+

Top non-repeatable levels by time:
     D:3: 1357 daAuts
     D:1: 1303 daAuts
     D:2: 1111 daAuts
     D:4: 683 daAuts
     D:5: 97 daAuts
